 Dungeon Crawl Stone Soup version 0.22.1-2-g9c5b331 (webtiles) character file.

826 MalarOregon the Caller (level 7, -1/53 HPs)
             Began as a Merfolk Summoner on Nov 24, 2018.
             Was a Believer of Okawaru.
             Slain by a wight
             ... wielding a +1 great sword of freezing
              (2 damage)
             ... on level 6 of the Dungeon.
             The game lasted 00:11:36 (6107 turns).

MalarOregon the Caller (Merfolk Summoner)           Turns: 6107, Time: 00:11:37

Health: -1/53      AC:  3    Str:  8    XL:     7   Next: 96%
Magic:  6/12       EV: 14    Int: 17    God:    Okawaru [**....]
Gold:   381        SH:  3    Dex: 14    Spells: 4/13 levels left

rFire    + . .     SeeInvis +   w - +0 halberd
rCold    . . .     Gourm    .   (shield currently unavailable)
rNeg     . . .     Faith    .   a - +0 robe
rPois    .         Spirit   .   (no helmet)
rElec    .         Reflect  +   (no cloak)
rCorr    .         Harm     .   (no gloves)
MR       .....                  b - +0 pair of boots
Stlth    ++........             s - +3 amulet of reflection
HPRegen  0.17/turn              i - ring of protection from fire
MPRegen  0.13/turn              z - ring of see invisible

@: drained
A: change form in water, swift swim, stealthy swim
a: Heroism, Renounce Religion


You were on level 6 of the Dungeon.
You worshipped Okawaru.
Okawaru was pleased with you.
You were not hungry.

You visited 1 branch of the dungeon, and saw 7 of its levels.

You collected 381 gold pieces.

Inventory:

Hand Weapons
 w - a +0 halberd (weapon)
   (You found it on level 4 of the Dungeon)
Missiles
 l - 2 curare-tipped needles {!f}
 o - 15 poisoned needles
 q - 3 poisoned tomahawks (quivered)
Armour
 a - a +0 robe (worn)
 b - a +0 pair of boots (worn)
   (You found it on level 2 of the Dungeon)
Jewellery
 i - a ring of protection from fire (left hand)
   (You found it on level 5 of the Dungeon)
 s - a +3 amulet of reflection (around neck)
   (You found it on level 5 of the Dungeon)
 z - a ring of see invisible (right hand)
   (You found it on level 5 of the Dungeon)
 A - an uncursed ring of resist corrosion {unknown}
   (You took it off an orc on level 6 of the Dungeon)
 B - a cursed ring of attention {unknown}
   (You found it on level 6 of the Dungeon)
Wands
 d - a wand of iceblast (8)
   (You found it on level 4 of the Dungeon)
 y - a wand of polymorph (9)
   (You found it on level 6 of the Dungeon)
Scrolls
 k - 3 scrolls of remove curse {@r2}
 p - 2 scrolls of identify {@r1}
 r - 2 scrolls of fear
 t - a scroll of fog {unknown}
 x - a scroll of teleportation {unknown}
Potions
 c - a potion of resistance
 f - a potion of curing {@q1}
 g - a potion of degeneration {unknown}
 h - 4 potions of flight
 j - a potion of haste {@q3}
 m - a potion of berserk rage {unknown}
 u - a potion of heal wounds {unknown}
 v - 3 potions of lignification {!q}
Comestibles
 e - 4 rations {!d}


   Skills:
 + Level 3.7(2.6) Fighting
 * Level 3.8(2.7) Polearms
 + Level 3.0(1.9) Throwing
 + Level 5.2(4.1) Dodging
 - Level 3.0(1.9) Stealth
 + Level 3.6(2.5) Spellcasting
 + Level 5.2(4.1) Summonings
 + Level 1.5(0.5) Ice Magic


You had 4 spell levels left.
You knew the following spells:

 Your Spells              Type           Power        Failure   Level  Hunger
c - Call Canine Familiar  Summ           ###.....     10%         3    ###....
d - Summon Ice Beast      Ice/Summ       ##......     56%         4    #####..
x - Call Imp              Summ           ###.....     4%          2    ##.....

Your spell library contained the following spells:

 Spells                   Type           Power        Failure   Level  Hunger
 Summon Small Mammal      Summ           ###.         3%          1    #......
 Summon Guardian Golem    Hex/Summ       #.......     24%         3    ###....
 Summon Lightning Spire   Summ/Air       #.......     61%         4    #####..


Dungeon Overview and Level Annotations

Branches:
Dungeon (7/15)
 Temple: D:4-7

Altars:
Hepliaklqana
Nemelex Xobeh
Okawaru
Ru


Message History

Some of the chunks of flesh in your inventory have rotted away.
Found a stone staircase leading down.
Your hound disappears in a puff of smoke!
Some of the chunks of flesh in your inventory have rotted away.
Found a copper ring and 10 gold pieces.
Found 6 gold pieces.
B - a copper ring You now have 361 gold pieces (gained 10).
You now have 367 gold pieces (gained 6).
Items here: )) [[ รทรท
Found a stone staircase leading up.
Found a ration.
e - 4 rations {!d} (gained 1)
Found a stone staircase leading down.
Found 14 gold pieces.
You now have 381 gold pieces (gained 14).
Found a long sword.
Some of the chunks of flesh in your inventory have rotted away.
All of the chunks of flesh in your inventory have rotted away.
Done exploring.
Done exploring.
Done exploring.
Done exploring.
Done exploring.
There is a stone staircase leading down here.
You climb downwards. 3 wights come into view.
A wight is wielding a great sword of freezing.
Found 11 stones and a glaive.
There is a stone staircase leading up here.
Okay, then.
The wight hits you with a great sword of freezing!
You feel drained. The wight freezes you.
A wight comes into view. It is wielding a long sword.
Okay, then.
You climb upwards.
Your summoned ally is left behind.
There is a stone staircase leading down here.
You barely miss the wight.
The wight hits you with a great sword of freezing!
* * * LOW HITPOINT WARNING * * *
You feel drained.
* * * LOW HITPOINT WARNING * * *
The wight freezes you!
* * * LOW HITPOINT WARNING * * *
The wight hits you with a great sword of freezing!
* * * LOW HITPOINT WARNING * * *
You feel drained.
* * * LOW HITPOINT WARNING * * *
The wight freezes you.
You die...

#..............#
#..............#
###...#.........#
#...#.#.........#### #
###.....#...######...#
###....#.#.............#
....##)..#....######..## ####
...###..##...######..## ##..#
...#.....).#....@z...# ###...#
.).#....##.#......h..# #...#.#
.))..##)##...........###.....#
.#...#..##................####
)#...#.##.............#.###
.....#(#.............#..#
..........####<.######.##
...........###....###..#
............##..#.....######


You could see a wight and a friendly hound.

Vanquished Creatures
  Sigmund (D:3)
  A bullfrog (D:6)
  2 crimson imps (D:5)
  A hound (D:5)
  A bullfrog zombie (D:5)
  A jelly (D:6)
  An orc priest (D:6)
  3 orc wizards (D:3)
  2 worker ants (D:6)
  2 gnolls (D:6)
  A howler monkey skeleton (D:4)
  7 adders
  3 dart slugs (D:4)
  2 leopard geckos
  12 orcs
  2 giant cockroaches
  8 goblins
  4 hobgoblins
  8 jackals (D:2)
  3 kobolds
  4 quokkas
  2 ball pythons
  6 bats
  3 frilled lizards
  A giant cockroach zombie (D:5)
  A quokka zombie (D:6)
  8 rats
90 creatures vanquished.

Vanquished Creatures (collateral kills)
  An ogre (D:5)
  A howler monkey (D:6)
  A hound (D:6)
  Terence (D:3)
  2 gnolls (D:6)
  2 shadow imps (D:5)
  An ooze (D:3)
  2 worms
  A dart slug (D:1)
  12 orcs
  2 giant cockroaches
  3 goblins
  A hobgoblin (D:3)
  4 jackals (D:1)
  3 bats
  A leopard gecko zombie (D:6)
38 creatures vanquished.

Vanquished Creatures (others)
  4 toadstools (D:1)
4 creatures vanquished.

Grand Total: 132 creatures vanquished

Notes
Turn   | Place    | Note
-------+----------+-------------------------------------------
     0 | D:1      | MalarOregon the Merfolk Summoner began the quest for the
                  | Orb.
     0 | D:1      | Reached XP level 1. HP: 13/13 MP: 3/3
   386 | D:1      | Reached XP level 2. HP: 20/20 MP: 1/5
  1188 | D:2      | Reached skill level 1 in Fighting
  1192 | D:2      | Found a sacrificial altar of Ru.
  1204 | D:2      | Reached XP level 3. HP: 13/26 MP: 6/6
  1417 | D:2      | Learned a level 2 spell: Call Imp
  1456 | D:2      | Found an iron altar of Okawaru.
  1514 | D:2      | Became a worshipper of Warmaster Okawaru
  1997 | D:2      | Learned a level 3 spell: Call Canine Familiar
  2123 | D:2      | Reached XP level 4. HP: 32/32 MP: 7/7
  2839 | D:3      | Noticed Terence
  2851 | D:3      | Reached skill level 1 in Throwing
  2851 | D:3      | Killed Terence
  2932 | D:3      | Reached XP level 5. HP: 38/38 MP: 3/8
  3043 | D:3      | Reached * piety under Okawaru
  3278 | D:3      | Noticed Sigmund
  3289 | D:3      | Killed Sigmund
  3289 | D:3      | Reached XP level 6. HP: 14/46 MP: 6/10
  3428 | D:3      | Found a hazy altar of Hepliaklqana.
  4263 | D:4      | Reached skill level 1 in Polearms
  4508 | D:5      | Entered Level 5 of the Dungeon
  4526 | D:5      | Learned a level 4 spell: Summon Ice Beast
  4592 | D:5      | Found a sparkling altar of Nemelex Xobeh.
  4683 | D:5      | Reached XP level 7. HP: 26/52 MP: 11/11
  4909 | D:5      | Reached skill level 5 in Summonings
  5087 | D:5      | Reached ** piety under Okawaru
  5296 | D:5      | Reached skill level 1 in Ice Magic
  5331 | D:6      | Reached skill level 5 in Dodging
  5878 | D:6      | Found a sparkling altar of Nemelex Xobeh.
  6107 | D:6      | HP: 1/53 [wight/great sword of freezing (2)]
  6107 | D:6      | Slain by a wight

Skill      XL: |  1  2  3  4  5  6  7 |
---------------+----------------------+-----
Dodging        | 3 4 5 |  5.2
Fighting       | 1 2 3 |  3.7
Stealth        | 3 |  3.0
Throwing       | 1 2 3 |  3.0
Spellcasting   | 3 |  3.6
Polearms       | 1 3 |  3.8
Summonings     | 5 |  5.2
Ice Magic      | 1 |  1.5

Action                   |  1- 3 |  4- 6 |  7- 9 || total
-------------------------+-------+-------+-------++-------
Melee: Dagger            |   115 |   174 |       ||   289
       Unarmed           |     7 |       |       ||     7
       Halberd           |       |    31 |    78 ||   109
       Tailslap          |       |     3 |       ||     3
Throw: Stone             |     4 |       |       ||     4
       Tomahawk          |       |     3 |       ||     3
 Cast: Summon Small Mamm |    12 |     1 |       ||    13
       Call Imp          |     3 |     5 |    11 ||    19
       Call Canine Famil |       |     5 |    10 ||    15
  Use: Scroll            |       |     8 |       ||     8
       Potion            |       |       |     1 ||     1
 Stab: Distracted        |     1 |     1 |     1 ||     3
       Sleeping          |     7 |     2 |     1 ||    10
  Eat: Chunk             |     4 |     9 |     6 ||    19
Armor: Robe              |    22 |    32 |    11 ||    65
Dodge: Dodged            |    84 |   145 |    61 ||   290
Block: Other             |       |       |     7 ||     7
